cohdb
Replays
Latest Replays
All Replays
Popular Replays
Top Player Replays
Match Explorer
How It Works
Community
CoH3 Stats
Reddit
Sign in to upload your games and track your stats! →
Sign in with Steam
Match 35778119
Unlisted
Match 35778119
Overview
Messages
Build Orders
End
Construct Infanterie Kompanie
Selects Luftwaffe Battlegroup
Selects Luftwaffe Pioneer Support
Fallschirmpioneer Squad Paradrop
Grenadier Squad
GrW 34 Mortar Team
Fallschirmpioneer Squad Paradrop
Selects Flak 38 Anti-Air Emplacement
Construct Panzergrenadier Kompanie
251 Medium Carrier
Panzergrenadier Squad
Selects Reconnaissance Run
Pak 40 Anti-tank Gun Team
TradeR
Tango
Turtleboy
[Freedom Delivers] Zyxelus_CZ
MT_TIE
qheun
0
0
Comments
sign in to comment!
No comments posted yet!